 Dungeon Crawl Stone Soup version 0.19.4-12-gccf7e64 (webtiles) character file.

403 Magnus the Slasher (level 6, 0/47 HPs)
             Began as a Mummy Monk on Feb 28, 2017.
             Slain by a worker ant (1 damage)
             ... on level 4 of the Dungeon.
             The game lasted 00:07:59 (3726 turns).

Magnus the Slasher (Mummy Monk)                     Turns: 3726, Time: 00:08:00

Health: 0/47       AC:  7    Str: 21    XL:     6   Next: 55%
Magic:  6/6        EV: 12    Int:  9    God:
Gold:   262        SH:  0    Dex: 15    Spells: 0 memorised, 5 levels left

rFire  . . .     SeeInvis .     d - +1 dagger (elec)
rCold  . . .     Gourm    .     e - +0 ring mail
rNeg   + + +     Faith    .     (no shield)
rPois  ∞         Spirit   .     i - +0 helmet
rElec  .         Reflect  .     f - +0 cloak
rCorr  .         Harm     .     (no gloves)
MR     .....                    (no boots)
Stlth  +.........               (no amulet)
                                p - +5 ring of strength
                                j - ring of fire

@: no status effects
A: no food or potions, fire vulnerability, cold resistance 1, negative energy
resistance 3, torment resistance, unbreathing
a: no special abilities


You were on level 4 of the Dungeon.
You were not hungry.

You visited 1 branch of the dungeon, and saw 4 of its levels.

You collected 262 gold pieces.

Inventory:

Hand Weapons
 a - a +0 falchion
 d - a +1 dagger of electrocution (weapon)
Armour
 e - a +0 ring mail (worn)
 f - a +0 cloak (worn)
 i - a +0 helmet (worn)
 l - a +0 scale mail
Jewellery
 j - a ring of fire (left hand)
 p - a +5 ring of strength (right hand)
Wands
 m - a wand of confusion (22/48)
Scrolls
 b - 2 scrolls of enchant armour {unknown}
 c - 7 scrolls of identify {unknown}
 g - 2 scrolls of amnesia {unknown}
 h - 2 scrolls of remove curse {unknown}
 k - a scroll of teleportation {unknown}
 n - a scroll of random uselessness {unknown}
 q - a scroll of immolation {unknown}


   Skills:
 - Level 3.0 Fighting
 + Level 6.2 Long Blades
 - Level 2.4 Dodging
 - Level 1.5 Stealth


You had 5 spell levels left.
You didn't know any spells.

Dungeon Overview and Level Annotations

Branches:
Dungeon (4/15)
 Temple: D:4-7

Altars:


Innate Abilities, Weirdness & Mutations

You do not eat or drink.
Your flesh is vulnerable to fire.
You are immune to poison.
Your flesh is cold resistant. (rC+)
You are immune to negative energy. (rN+++)
You are immune to unholy pain and torment.
You can survive without breathing.


Message History

You hit the worker ant.
The worker ant is lightly wounded.
You barely miss the worker ant.
The worker ant is lightly wounded.
The worker ant bites you.
* * * LOW HITPOINT WARNING * * *
As you read the scroll labeled VESIFIY QENE, it crumbles to dust.
It is a scroll of recharging.
Charge which item? (? for menu, Esc to quit)
Really abort (and waste the scroll)? [Y]es or [N]o only, please.
Really abort (and waste the scroll)? [Y]es or [N]o only, please.
Really abort (and waste the scroll)? [Y]es or [N]o only, please.
Really abort (and waste the scroll)?
Okay, then.
The worker ant bites you but does no damage.
The worker ant bites you.
You die...

##. ## #.. # #.# #.# #.#
#+# #)# #.# ####.#####
#.# #.....Za.#
##.######## #.##.###@#
##.......... # #.# #.#
#........... #.###.##
#...#####..
#......######.###.....
#####.............##..
........#######.........
######### #.#######.
#......... #.########


You could see a worker ant and a jackal skeleton.

Vanquished Creatures
  An ogre (D:4)
  Crazy Yiuf (D:2)
  Jessica (D:3)
  An iguana (D:4)
  Ijyb (D:2)
  Terence (D:2)
  An orc wizard (D:3)
  A worker ant (D:4)
  Robin (D:2)
  3 adders
  An ooze (D:2)
  An adder skeleton (D:3)
  A worm (D:2)
  5 dart slugs
  3 orcs (D:3)
  3 bats
  2 giant cockroaches (D:1)
  17 goblins
  8 hobgoblins
  13 jackals
  A quokka (D:3)
  3 frilled lizards
  9 kobolds
  3 rats (D:1)
82 creatures vanquished.

Notes
Turn   | Place    | Note
-------+----------+-------------------------------------------
     0 | D:1      | Magnus the Mummy Monk began the quest for the Orb.
     0 | D:1      | Reached XP level 1. HP: 18/18 MP: 1/1
   271 | D:1      | Reached XP level 2. HP: 9/24 MP: 2/2
   498 | D:1      | Reached skill level 3 in Long Blades
   933 | D:1      | Reached XP level 3. HP: 28/29 MP: 3/3
  1430 | D:2      | Noticed Robin
  1593 | D:2      | Killed Robin
  1593 | D:2      | Reached skill level 4 in Long Blades
  1598 | D:2      | Reached XP level 4. HP: 25/35 MP: 4/4
  2016 | D:2      | Noticed Terence
  2022 | D:2      | Killed Terence
  2105 | D:2      | Found a runed door.
  2219 | D:2      | Noticed Ijyb
  2230 | D:2      | Killed Ijyb
  2230 | D:2      | Reached XP level 5. HP: 41/41 MP: 5/5
  2373 | D:2      | Noticed Crazy Yiuf
  2387 | D:2      | Killed Crazy Yiuf
  2387 | D:2      | Reached skill level 5 in Long Blades
  2792 | D:3      | Noticed Jessica
  2805 | D:3      | Killed Jessica
  2983 | D:3      | Reached XP level 6. HP: 15/47 MP: 6/6
  3719 | D:4      | Reached skill level 6 in Long Blades
  3725 | D:4      | HP: 1/47 [worker ant (3)]
  3726 | D:4      | Slain by a worker ant

Skill      XL: |  1  2  3  4  5  6 |
---------------+-------------------+-----
Long Blades    | 3 4 5 6 |  6.2
Fighting       | |  3.0
Dodging        | |  2.4
Stealth        | |  1.5

Action                   |  1- 3 |  4- 6 || total
-------------------------+-------+-------++-------
Melee: Falchion          |    10 |       ||    10
       Dagger            |   123 |   152 ||   275
Evoke: Wand              |       |     4 ||     4
  Use: Scroll            |       |     1 ||     1
 Stab: Confused          |       |     2 ||     2
       Sleeping          |       |     2 ||     2
Armor: Ring mail         |    55 |    47 ||   102
Dodge: Dodged            |    66 |    60 ||   126
       Rpst.: Falchion   |     3 |       ||     3
